Unix NetHack Version 3.7.0-102 Work-in-progress - last build Apr 6 2024 13:22:21 (d302a6a9ff6341f1a922d8f5af178406b35fdf99,branch:master). Game began 2024-05-01 14:56:10, ended 2024-05-02 12:26:26. farfar, neutral male human Tourist # -------- ---------- ----------- |......| |.....^..-# #####..........| |......| |....|...|# # |.........)# |..)...| ----------# # ##-....>....|# |......| #### ### ############# ---------.-### -.--|---################################# # ### g ######## # ##0#### ----- ##0 ### @ # # ##0 ## |...|### ### # # # # ## |...| ### # ------- ---.--- ### ## ###|....################## ###|.....| |.....| --.--- # #|...| -|------------ #......| |.....| |....| # #|...| ###+....<.......-#######|.....| |.....-######-....| # #-...|## |............| ------- |.....| |....| ## ----- ###+............| |..o..| |.....### |............| ------- ------ -------------- Farfar the Sightseer St:11 Dx:11 Co:13 In:14 Wi:7 Ch:17 Neutral S:534 Dlvl:5 $:45 HP:0(30) Pw:9(9) AC:2 Xp:3/71 T:2039 Satiated Burdened Latest messages: * Line 133: Unknown config statement. A map coalesces in your mind! What do you want to drop? [$a-fhkm-qtwxzCFHIK or ?*] Never mind. What do you want to drop? [$a-fhkm-qtwxzCFHIK or ?*] You don't have that object. What do you want to drop? [$a-fhkm-qtwxzCFHIK or ?*] You cannot drop something you are wearing. What do you want to dip? [a-fhkn-qtwxzCFHIK or ?*] What do you want to dip 7 throwing stars into? [cfK or ?*] d - 7 darts. Really save? [yn] (n) Saving... Restoring save file... Aloha farfar, the human Tourist, welcome back to NetHack! You remember this level as level above fire vortex. Your movements are slowed slightly because of your load. Really save? [yn] (n) Saving... Restoring save file... Aloha farfar, the human Tourist, welcome back to NetHack! You remember this level as level above fire vortex. Your movements are slowed slightly because of your load. You swap places with your housecat. You see here 6 blessed +2 darts. You have a little trouble lifting a - 6 blessed +2 darts (at the ready) (11 in total). Pick an object. q a quadruped (rothe) You swap places with your housecat. The housecat misses the rothe. The housecat misses it. The housecat misses it. The housecat bites it. It misses the housecat. It bites the housecat. It bites the housecat. The housecat is killed! You see here a rusty crude dagger. What do you want to zap? [wCI or ?*] In what direction? The rothe turns into a winged gargoyle! You feel shuddering vibrations. The winged gargoyle hits! You die... Do you want your possessions identified? [ynq] (y) Do you want to see your attributes? [ynq] (y) Do you want an account of creatures vanquished? [ynaq] (y) Do you want to see your conduct and achievements? [ynq] (y) Do you want to see the dungeon overview? [ynq] (y) Inventory: Coins $ - 45 gold pieces Weapons a - 11 blessed +2 darts (at the ready) d - 7 +2 darts Armor t - an uncursed +0 orcish helm (being worn) m - an uncursed +0 Hawaiian shirt with a flamingo motif (being worn) p - an uncursed +0 plate mail (being worn) Comestibles x - an uncursed cram ration b - 2 uncursed food rations h - an uncursed tin of pickled goblin meat Scrolls H - an uncursed scroll of confuse monster q - an uncursed scroll of enchant weapon k - 2 uncursed scrolls of magic mapping Potions c - an uncursed potion of invisibility K - an uncursed potion of speed Wands w - a wand of polymorph (0:1) C - a wand of teleportation (0:2) I - a wand of undead turning named tele? (0:4) Tools o - an uncursed credit card n - an expensive camera (0:73) Gems/Stones e - an uncursed worthless piece of black glass z - a cursed worthless piece of green glass F - 2 uncursed worthless pieces of yellowish brown glass Farfar the Tourist's attributes: Background: You were a Sightseer, a level 3 male human Tourist. You were neutral, on a mission for The Lady who was opposed by Blind Io (lawful) and Offler (chaotic). You were right-handed. You were in the Dungeons of Doom, on level 5. You entered the dungeon 2039 turns ago. You had 71 experience points, 9 more were needed to attain level 4. Your score was 534 before end-of-game adjustments. Basics: You had 0 out of 30 hit points. You had all 9 energy points (spell power). Your armor class was 2. Your wallet contained 45 zorkmids. Autopickup was off. Final Characteristics: Your strength was 11 (limit:18/100). Your dexterity was 11 (limit:18). Your constitution was 13 (peak:16, limit:18). Your intelligence was 14 (limit:18). Your wisdom was 7 (limit:18). Your charisma was 17 (limit:18). Final Status: You were satiated. You were burdened; movement was slightly slowed. You were bare handed. You were unskilled in bare handed combat. Final Attributes: You were devoutly aligned. You were guarded. You are dead. Miscellaneous: You never encountered a bones level. Total elapsed playing time was 32 minutes and 43 seconds. Major events: Turn 1: farfar the neutral male human Tourist entered the dungeon 794: entered the Gnomish Mines 1706: attained the rank of Sightseer (level 3) 2039: killed by a winged gargoyle Vanquished creatures: a housecat a homunculus a rothe 2 rabid rats a wererat a coyote 6 giant rats a yellow mold a green mold a gecko 3 jackals 2 goblins 11 sewer rats 7 grid bugs 3 lichens a kobold zombie 8 newts 51 creatures vanquished. No species were genocided or became extinct. Voluntary challenges: You read items or engraved 7 times. You never engraved Elbereth. You never genocided any monsters. You never changed form. You used no wishes. Achievements: You entered the Gnomish Mines. You attained the rank of Sightseer. The Dungeons of Doom: levels 1 to 6 Level 1: An altar, some fountains. Level 2: Stairs down to The Gnomish Mines. Level 3: Some fountains. Level 4: A fountain. Level 5: "level above fire vortex" <- You were here. A grave. Final resting place for you, killed by a winged gargoyle. Level 6: The Gnomish Mines: Level 3: Game over: ---------- / \ / REST \ / IN \ / PEACE \ / \ | farfar | | 45 Au | | killed by a | | winged gargoyle | | | | | | 2024 | *| * * * | * _________)/\\_//(\/(/\)/\//\/|_)_______ Aloha farfar the Tourist... You died in The Dungeons of Doom on dungeon level 5 with 534 points, and 45 pieces of gold, after 2039 moves. You were level 3 with a maximum of 30 hit points when you died.